 Dungeon Crawl Stone Soup version 0.31-a0-233-g139696dc86 (webtiles) character file.

Game seed: 14417886923588242149

548 qw the Shooter (level 7, -2/60 HPs)
             Began as a Minotaur Hexslinger on July 7, 2023.
             Killed by nerve-wracking pain
             ... invoked by Grinder
              (14 damage)
             ... on level 5 of the Dungeon.
             The game lasted 00:01:10 (3434 turns).

qw the Shooter (Minotaur Hexslinger)                Turns: 3434, Time: 00:01:11

Health: -2/60      AC:  8    Str: 13    XL:     7   Next: 7%
Magic:  7/7        EV: 11    Int: 10    God:
Gold:   120        SH:  0    Dex: 14    Spells: 7/8 levels left

rFire   . . .        Y - +0 arbalest (freeze)
rCold   . . .        (shield currently unavailable)
rNeg    . . .        i - +0 ring mail
rPois   .            (helmet restricted)
rElec   .            (no cloak)
rCorr   +            d - +2 pair of gloves
SInv    .            (no boots)
Will    +....        (no amulet)
Stlth   +            h - ring of resist corrosion
HPRegen 0.30/turn    c - ring of willpower
MPRegen 0.10/turn

%: no passive effects
@: about to teleport
A: horns 2, retaliatory headbutt
a: no special abilities


You were on level 5 of the Dungeon.
You visited 1 branch of the dungeon, and saw 5 of its levels.

You collected 120 gold pieces.


Innate Abilities, Weirdness & Mutations

You have a pair of horns on your head.
You reflexively headbutt those who attack you in melee.


   Skills:
 - Level 4.6 Fighting
 + Level 7.3 Ranged Weapons
 - Level 1.0 Armour
 - Level 2.1 Dodging
 - Level 1.0 Spellcasting
 - Level 2.0 Hexes


You had 7 spell levels left.
You knew the following spells:

 Your Spells              Type           Power      Damage    Failure   Level
a - Slow                  Hex            16%        N/A       32%         1

Your spell library contained the following spells:

 Spells                   Type           Power      Damage    Failure   Level
 Inner Flame              Hex/Fire       2%         N/A       82%         3
 Portal Projectile        Hex/Tloc       4%         N/A       82%         3
 Cause Fear               Hex            2%         N/A       97%         4

Inventory:

Hand Weapons
 Y - a +0 arbalest of freezing (weapon)
Armour
 d - a +2 pair of gloves (worn)
 i - a +0 ring mail (worn)
Jewellery
 c - a ring of willpower (right hand)
 h - a ring of resist corrosion (left hand)
Scrolls
 k - a scroll of identify
 l - a scroll of teleportation
Potions
 b - a potion of mutation
 j - a potion of cancellation
 p - 2 potions of curing

Dungeon Overview and Level Annotations

Branches:
Dungeon (5/15)
 Temple: D:4-7

Altars:
Zin

Shops:
D:1 (

Annotations:
D:5 Grinder


Message History

The ice beast hits you but does no damage.
The adder bites you but does no damage.
The ice beast hits you but does no damage.
You shoot a bolt. The bolt hits the ice beast!
The ice beast is severely wounded.
You feel sick.
You are no longer poisoned.
The adder bites you but does no damage. The ice beast misses you.
The adder closely misses you. The ice beast hits you.
The ice beast freezes you!
You shoot a bolt. The bolt hits the ice beast!
The ice beast is almost dead.
The adder bites you but does no damage. The adder closely misses you.
The ice beast hits you. The ice beast freezes you!
The adder bites you but does no damage.
3430 ||| READING 3 scrolls of teleportation.
As you read the scroll of teleportation, it crumbles to dust.
You feel strangely unstable. The ice beast completely misses you.
The adder bites you.
You shoot a bolt. The bolt closely misses the ice beast.
The adder misses you. You furiously retaliate!
You headbutt the adder! The ice beast barely misses you.
The adder barely misses you.
The ice beast hits you but does no damage.
You shoot a bolt. The bolt hits the ice beast.
You kill the ice beast!
The adder barely misses you. The adder closely misses you.
Your Ranged Weapons skill increases to level 7!
You have reached level 7!
You shoot a bolt. The bolt hits the adder!
The bolt freezes the adder.
You kill the adder!
Your surroundings suddenly seem different.
Grinder comes into view.
Found a club.
Grinder shouts!
Grinder grins, showing sharp teeth.
3434 ||| READING 2 scrolls of teleportation.
As you read the scroll of teleportation, it crumbles to dust.
You feel strangely unstable. Grinder gestures at you.
Pain shoots through your body!
You die...

########
#......#
#..@...#
#......#
#.)........
#..........
#...5......
#..........
#..........
#......####


You could see Grinder.

Vanquished Creatures
  An ice beast (D:5)
  An orc warrior (D:4)
  A jelly (D:4)
  A hound (D:4)
  2 orc priests (D:4)
  4 orc wizards
  3 adders
  A white imp (D:4)
  A dart slug (D:3)
  11 orcs
  7 ball pythons
  8 bats
  7 endoplasms
  2 giant cockroaches
  7 goblins
  11 hobgoblins
  4 jackals (D:1)
  4 quokkas
  7 frilled lizards
  10 kobolds
  4 rats
97 creatures vanquished.

Notes
Turn   | Place    | Note
-------+----------+-------------------------------------------
     0 | D:1      | qw the Minotaur Hexslinger began the quest for the Orb.
     0 | D:1      | Reached XP level 1. HP: 16/16 MP: 1/1
     0 | D:1      | 0 ||| qw: Version: 0.3-a-46-gb1f654a
     0 | D:1      | 0 ||| qw: Game counter: 3031
     0 | D:1      | 0 ||| qw: Melee chars always use a shield: true
     0 | D:1      | 0 ||| qw: God list: Okawaru
     0 | D:1      | 0 ||| qw: Allow faded altars: false
     0 | D:1      | 0 ||| qw: Do Orc after clearing Dungeon:15 true
     0 | D:1      | 0 ||| qw: Do second Lair branch before Depths: true
     0 | D:1      | 0 ||| qw: Lair rune preference: random
     0 | D:1      | 0 ||| qw: Goals: Normal
     0 | D:1      | 0 ||| PLANNING D:1-11
   113 | D:1      | Reached skill level 3 in Ranged Weapons
   113 | D:1      | Reached XP level 2. HP: 23/23 MP: 2/2
   204 | D:1      | Found Darae's Antique Weapon Shop.
   475 | D:1      | 475 ||| SWAPPING to +0 arbalest.
   479 | D:1      | 479 ||| DROPPING +1 sling.
   588 | D:1      | Reached XP level 3. HP: 17/29 MP: 3/3
   872 | D:1      | 872 ||| UPGRADING to +2 pair of gloves.
   877 | D:1      | 877 ||| UPGRADING to +0 ring mail.
   887 | D:1      | 887 ||| DROPPING +0 robe.
   888 | D:1      | 888 ||| UPGRADING to ring of resist corrosion.
   889 | D:1      | 889 ||| READING scroll labelled LARUABLUIRO.
   890 | D:1      | 890 ||| READING scroll labelled DUKHLO WOSIPPE.
   891 | D:1      | 891 ||| READING scroll labelled CAOHOXATIPN.
   892 | D:1      | 892 ||| READING 2 scrolls labelled MEODIJUNUR.
   893 | D:1      | 893 ||| READING 2 scrolls labelled ZIFUSUASME.
   894 | D:1      | 894 ||| READING 3 scrolls labelled YSOETEPSAI.
   898 | D:1      | 898 ||| READING scroll labelled IWOXIM QANUOL.
   899 | D:1      | 899 ||| DROPPING scroll of poison.
   900 | D:1      | 900 ||| DROPPING scroll of summoning.
   953 | D:2      | Found a glowing silver altar of Zin.
  1028 | D:2      | Reached skill level 4 in Ranged Weapons
  1645 | D:2      | Reached skill level 1 in Armour
  1745 | D:2      | 1745 ||| READING scroll labelled TASCHA PIEWIA.
  1805 | D:3      | Reached XP level 4. HP: 36/36 MP: 4/4
  1996 | D:3      | 1996 ||| Stepping ~*~*~tactically~*~*~ (outnumbered).
  2001 | D:3      | Reached skill level 5 in Ranged Weapons
  2224 | D:3      | Reached XP level 5. HP: 17/44 MP: 5/5
  2371 | D:3      | Reached skill level 3 in Fighting
  2560 | D:3      | 2560 ||| DROPPING ring of wizardry.
  2561 | D:3      | 2561 ||| UPGRADING to ring of willpower.
  2562 | D:3      | 2562 ||| DRINKING 2 pink potions.
  2563 | D:3      | 2563 ||| DRINKING 2 purple potions.
  2564 | D:3      | 2564 ||| READING 2 scrolls of identify.
  2564 | D:3      | 2564 ||| IDENTIFYING fuming amethyst potion
  2565 | D:3      | 2565 ||| DROPPING potion of attraction.
  2666 | D:4      | Reached skill level 6 in Ranged Weapons
  2857 | D:4      | Noticed an orc warrior
  2858 | D:4      | 2858 ||| Stepping ~*~*~tactically~*~*~ (outnumbered).
  2862 | D:4      | Reached XP level 6. HP: 36/51 MP: 6/6
  2866 | D:4      | Killed an orc warrior
  3248 | D:4      | 3248 ||| READING scroll of brand weapon.
  3248 | D:4      | 3248 ||| BRANDING +0 arbalest of flaming.
  3311 | D:4      | 3311 ||| READING scroll labelled CIEQENKIAPH.
  3312 | D:4      | 3312 ||| READING scroll labelled YBAICAAVVE.
  3413 | D:4      | 3413 ||| READING 3 scrolls of identify.
  3413 | D:4      | 3413 ||| IDENTIFYING fizzy emerald potion
  3414 | D:4      | 3414 ||| READING 2 scrolls of identify.
  3414 | D:4      | 3414 ||| IDENTIFYING glowing golden potion
  3415 | D:4      | 3415 ||| DROPPING potion of ambrosia.
  3420 | D:5      | Entered Level 5 of the Dungeon
  3424 | D:5      | Noticed an ice beast
  3429 | D:5      | HP: 9/53 [ice beast (7)]
  3430 | D:5      | 3430 ||| READING 3 scrolls of teleportation.
  3432 | D:5      | Killed an ice beast
  3433 | D:5      | Reached skill level 7 in Ranged Weapons
  3433 | D:5      | Reached XP level 7. HP: 11/60 MP: 7/7
  3433 | D:5      | Noticed Grinder
  3434 | D:5      | 3434 ||| READING 2 scrolls of teleportation.
  3434 | D:5      | Killed from afar by Grinder

Levels and vault maps discovered:
D:1:      lemuel_arrival_tunnels, layout_basic, serial_shops, shop,
          minmay_pentomino_x2
D:2:      layout_basic, basic_altar
D:3:      wander_river, layout_loops_cross, serial_bayou_pond_d
D:4:      layout_basic
D:5:      layout_basic, serial_glass, glass_columns_a, glass_columns_a,
          minmay_strange_pillars, feat_on_display, minmay_strange_pillars,
          uniq_ijyb, uniq_grinder

Skill      XL: |  1  2  3  4  5  6 |
---------------+-------------------+-----
Ranged Weapons | 3 4 5 6 7 |  7.3
Fighting       | 2 3 4 |  4.6
Armour         | 1 |  1.0
Dodging        | |  2.1
Spellcasting   | |  1.0
Hexes          | |  2.0

Action                     |  1- 3 |  4- 6 |  7- 9 || total
---------------------------+-------+-------+-------++-------
   Fire: Sling             |    64 |       |       ||    64
         Arbalest          |    53 |   108 |     1 ||   162
    Use: Scroll            |     8 |     7 |     1 ||    16
         Potion            |       |     2 |       ||     2
 Armour: Robe              |    17 |       |       ||    17
         Ring mail         |     5 |    35 |       ||    40
  Dodge: Dodged            |    50 |    51 |       ||   101

Table legend:
 A = Non-vault XP
 B = Vault XP
 C = Vault XP percentage of total XP
 D = Non-vault monster count
 E = Vault monster count
 F = Vault count percentage of total count
                 A         B        C        D         E       F
            +---------+---------+-------+---------+---------+-------
      Total |     779 |       4 |   0.5 |      95 |       2 |   2.1
            +---------+---------+-------+---------+---------+-------
        D:1 |      55 |       4 |   6.8 |      35 |       2 |   5.4
        D:2 |      16 |       0 |   0.0 |      11 |       0 |   0.0
        D:3 |     177 |       0 |   0.0 |      27 |       0 |   0.0
        D:4 |     382 |       0 |   0.0 |      20 |       0 |   0.0
        D:5 |     149 |       0 |   0.0 |       2 |       0 |   0.0
            +---------+---------+-------+---------+---------+-------
